Map: Oxide LE

Players

FishSangwich

  • Race: Protoss Protoss
  • League: Platinum

Bizoune - Winner!

  • Race: Protoss Protoss
  • League: Platinum

VOD

Have the link to the VOD?

Description

Time

  • Played on: June 11, 2021, 5:14 p.m.
  • Length: 20:41
Show
View Real Time Build Order
Export as new Build Order

FishSangwich Protoss 

Build Orders: 1 Gate Expand, Blink Stalkers 

Get SALT Encoding   

  12  0:00  Probe  
  13  0:12  Probe  
  14  0:19  Pylon  
  14  0:26  Probe  
  15  0:38  Probe  
  16  0:53  Probe  
  16  0:56  Gateway  
  17  1:09  Probe  
  18  1:15  Nexus  
  18  1:22  Pylon  
  18  1:30  Assimilator  
  18  1:34  Assimilator  
  19  1:43  Cybernetics Core  
  18  2:02  Probe  
  19  2:09  Pylon  
  19  2:14  Probe  
  20  2:20  Warp Gate  
  20  2:34  Gateway  
  20  2:37  Pylon  
  20  2:39  Probe x2  
  22  2:44  Stalker  
  24  2:51  Probe x2  
  26  3:07  Probe  
  26  3:08  Gateway  
  26  3:11  Twilight Council  
  26  3:12  Probe  
  28  3:25  Probe x2  
  30  3:29  Stalker  
  30  3:31  Stalker  
  34  3:41  Blink (Chrono Boost)  
  34  3:43  Probe x2 (Chrono Boost)  
  36  3:51  Gateway  
  36  3:52  Probe (Chrono Boost)  
  36  3:53  Probe (Chrono Boost)  
  38  4:09  Probe x2  
  40  4:13  Assimilator  
  40  4:17  Assimilator  
  40  4:21  Probe x2  
  42  4:33  Probe x2  
  44  4:42  Nexus  
  44  4:43  Stalker x2  
  47  4:58  Stalker x2  
  51  5:00  Probe x2  
  51  5:14  Probe  
  51  5:15  Probe  
  53  5:22  Pylon x2  
  53  5:27  Probe  
  54  5:40  Probe  
  55  5:43  Stalker x4  
  55  5:44  Probe  
  64  5:52  Probe  
  65  5:59  Forge  
  65  6:03  Probe  
  66  6:04  Probe  
  66  6:08  Probe  
  68  6:15  Probe, Stalker x4  
  77  6:27  Probe x2  
  77  6:28  Probe  
  80  6:35  Photon Cannon  
  80  6:38  Shield Battery  
  80  6:39  Photon Cannon  
  80  6:43  Probe x2  
  80  6:45  Pylon  
  82  6:48  Pylon  
  82  6:49  Probe  
  83  6:54  Robotics Facility  
  83  6:55  Probe  
  83  7:01  Gateway x2, Pylon  
  84  7:04  Pylon  
  84  7:05  Probe x2  
  84  7:07  Probe  
  87  7:17  Probe  
  87  7:18  Probe  
  87  7:19  Probe  
  87  7:20  Stalker  
  87  7:21  Stalker x3  
  98  7:27  Pylon  
  98  7:35  Probe x3  
  101  7:46  Assimilator  
  101  7:47  Probe  
  101  7:49  Assimilator  
  102  7:52  Protoss Ground Weapons Level 1 (Chrono Boost), Stalker x4  
  102  7:54  Shield Battery  
  111  7:58  Observer  
  111  8:13  Probe x2  
  111  8:16  Stalker  
  111  8:17  Stalker x5  
  125  8:47  Photon Cannon  
  125  8:48  Photon Cannon  
  125  8:51  Gateway  
  125  8:52  Photon Cannon  
  125  9:05  Pylon  
  125  9:06  Pylon x2  
  125  9:07  Charge, Nexus  
  125  9:08  Pylon x2  
  125  9:09  Pylon  
  125  9:10  Pylon  
  125  9:11  Pylon  
  125  9:19  Pylon  
  125  9:23  Probe x3  
  125  9:24  Observer  
  129  9:26  Stalker x6  
  141  9:36  Probe x3  
  144  9:45  Observer  
  145  9:48  Probe x2  
  147  9:56  Protoss Ground Weapons Level 2 (Chrono Boost)  
  147  10:09  Forge  
  146  10:15  Forge  
  146  10:21  Stalker x7  
  160  10:38  Probe  
  160  10:40  Protoss Shields Level 1 (Chrono Boost), Protoss Ground Armor Level 1 (Chrono Boost)  
  160  10:42  Probe x3  
  164  10:46  Gateway  
  164  10:50  Probe, Gateway x2  
  164  10:53  Stalker x5  
  174  11:00  Observer  
  175  11:05  Robotics Bay  
  175  11:10  Gateway x2  
  175  11:12  Probe x4, Gateway x2  
  175  11:13  Gateway  
  175  11:16  Gateway  
  179  11:21  Observer  
  180  11:31  Zealot x2  
  180  11:32  Zealot x5  
  194  11:42  Observer  
  194  11:44  Probe x2  
  194  11:45  Probe x2  
  199  12:04  Observer  
  200  12:16  Photon Cannon  
  200  12:17  Photon Cannon  
  200  12:19  Photon Cannon x2  
  200  12:20  Photon Cannon x2  
  200  12:21  Photon Cannon  
  179  12:57  Protoss Ground Weapons Level 3 (Chrono Boost), Protoss Ground Armor Level 2 (Chrono Boost), Protoss Shields Level 2 (Chrono Boost), Stalker  
  179  12:58  Stalker x9  
  160  13:30  Stalker  
  160  13:31  Stalker x2  
  160  13:33  Stalker  
  160  13:34  Stalker x12  
  158  14:06  Zealot x9  
  166  14:39  Stalker x9  
  166  14:40  Stalker x2  
  138  15:07  Stalker x8  
  138  15:08  Stalker x2  
  152  15:19  Probe  
  151  15:28  Gateway  
  149  15:30  Pylon  
  149  15:32  Pylon, Stalker  
  149  15:34  Stalker x5  
  143  15:49  Stalker  
  144  15:50  Stalker x3  
  130  16:06  Stalker  
  130  16:07  Stalker x4  
  100  16:34  Zealot x2  
  100  16:35  Zealot x6  
  71  17:11  Sentry x5  
  71  17:12  Sentry x8  
  58  17:45  Zealot  
  58  17:46  Zealot  
  58  17:48  Zealot x4  
  58  17:49  Zealot  
  44  18:31  Nexus  
  34  18:49  Cybernetics Core  
  21  19:29  Pylon  
  21  19:44  Observer  
  19  19:55  Stalker  
  19  19:57  Stalker  
  23  20:12  Stalker  
  25  20:15  Probe  
  25  20:21  Stalker  
  28  20:29  Stalker  
Show
View Real Time Build Order
Export as new Build Order

Bizoune Protoss - Winner!

Build Orders: Carriers 

Get SALT Encoding   

  12  0:00  Probe  
  13  0:12  Probe  
  14  0:19  Pylon  
  14  0:25  Probe  
  15  0:38  Probe (Chrono Boost)  
  15  0:42  Gateway  
  16  0:48  Assimilator  
  16  0:53  Probe (Chrono Boost)  
  17  1:00  Assimilator  
  17  1:08  Probe  
  18  1:18  Gateway  
  18  1:31  Probe (Chrono Boost)  
  19  1:34  Zealot  
  22  1:41  Probe (Chrono Boost)  
  22  1:49  Pylon  
  22  1:54  Cybernetics Core  
  22  2:15  Probe (Chrono Boost)  
  23  2:25  Probe (Chrono Boost)  
  24  2:33  Stargate  
  24  2:39  Stalker  
  26  2:47  Warp Gate  
  26  2:54  Nexus  
  26  2:59  Probe  
  27  3:06  Stalker  
  29  3:16  Pylon  
  29  3:27  Void Ray (Chrono Boost), Pylon  
  29  3:36  Probe  
  34  3:48  Probe  
  34  3:51  Stalker  
  34  3:55  Stalker  
  39  4:11  Probe  
  40  4:18  Robotics Facility  
  40  4:19  Probe  
  41  4:25  Void Ray  
  41  4:27  Probe  
  42  4:31  Probe  
  45  4:57  Stalker x2  
  49  5:02  Shield Battery  
  49  5:05  Probe x2  
  51  5:08  Void Ray  
  55  5:17  Probe  
  55  5:18  Probe  
  57  5:27  Assimilator  
  57  5:29  Probe  
  57  5:30  Probe, Assimilator  
  57  5:34  Observer  
  60  5:42  Probe x2  
  62  5:43  Pylon  
  62  5:47  Pylon  
  62  5:50  Pylon  
  62  6:01  Probe x2  
  68  6:04  Immortal  
  68  6:13  Probe x2  
  70  6:22  Pylon  
  70  6:26  Pylon  
  70  6:32  Stargate  
  70  6:33  Void Ray  
  70  6:34  Protoss Air Weapons Level 1  
  74  6:46  Nexus  
  74  6:51  Probe x2  
  76  6:57  Observer (Chrono Boost)  
  76  7:00  Stalker x2  
  81  7:03  Probe  
  82  7:13  Void Ray  
  81  7:16  Immortal (Chrono Boost)  
  89  7:32  Void Ray  
  89  7:41  Nexus  
  89  7:43  Pylon  
  93  7:44  Pylon  
  93  7:48  Pylon  
  93  7:50  Pylon  
  93  7:52  Pylon  
  93  8:06  Fleet Beacon  
  93  8:10  Pylon  
  93  8:12  Shield Battery, Void Ray  
  93  8:13  Shield Battery  
  93  8:15  Void Ray  
  93  8:16  Shield Battery  
  101  8:30  Immortal  
  101  8:32  Probe  
  101  8:33  Probe  
  106  8:54  Probe x3  
  106  8:55  Void Ray  
  109  8:56  Void Ray  
  109  8:59  Flux Vanes  
  118  9:10  Probe x3  
  120  9:19  Cybernetics Core  
  120  9:23  Protoss Air Armor Level 1 (Chrono Boost)  
  120  9:33  Probe x3  
  120  9:37  Assimilator  
  123  9:40  Assimilator  
  123  9:44  Pylon  
  123  9:45  Probe x3, Pylon  
  126  9:48  Pylon  
  126  9:51  Observer (Chrono Boost)  
  127  10:00  Probe  
  127  10:01  Probe x2  
  127  10:04  Observer (Chrono Boost)  
  131  10:13  Protoss Air Weapons Level 2, Probe x3  
  130  10:25  Robotics Facility  
  130  10:34  Stalker  
  130  10:35  Stalker  
  130  10:38  Carrier (Chrono Boost)  
  130  10:39  Carrier (Chrono Boost)  
  130  10:42  Immortal  
  146  11:08  Nexus  
  146  11:17  Pylon  
  146  11:19  Immortal  
  146  11:21  Probe  
  146  11:22  Probe  
  152  11:32  Protoss Air Armor Level 2  
  152  11:34  Pylon  
  152  11:36  Carrier (Chrono Boost), Pylon  
  152  11:38  Pylon  
  158  11:40  Pylon  
  158  11:45  Probe x2  
  158  11:46  Probe  
  161  11:52  Forge  
  161  11:54  Forge  
  161  12:12  Assimilator  
  161  12:20  Observer x2  
  162  12:31  Carrier  
  168  12:40  Carrier  
  168  12:41  Immortal x2  
  182  12:49  Stargate  
  170  13:03  Protoss Air Weapons Level 3  
  169  13:21  Probe x4  
  167  13:33  Probe x3  
  167  13:34  Probe  
  165  13:46  Probe x3  
  158  14:02  Carrier x2, Stalker  
  160  14:03  Stalker  
  152  14:18  Immortal x2  
  149  14:44  Assimilator  
  149  14:47  Assimilator  
  142  15:06  Carrier  
  148  15:10  Nexus  
  148  15:19  Carrier  
  142  15:21  Immortal x2  
  142  15:23  Nexus  
  142  15:48  Probe x2  
  129  16:00  Probe x2  
  97  16:29  Pylon  
  97  16:30  Pylon  
  97  16:32  Pylon  
  98  17:14  Stalker  
  98  17:15  Stalker  
  77  17:42  Gateway  
  77  17:44  Gateway  
  77  17:46  Stalker x2  
  79  17:59  Photon Cannon  
  79  18:00  Photon Cannon  
  79  18:01  Photon Cannon  
  79  18:04  Pylon  
  77  18:05  Pylon  
  77  18:08  Assimilator  
  77  18:12  Assimilator, Stalker  
  79  18:13  Stalker  
  81  18:20  Probe x3  
  83  18:46  Stargate  
  83  18:47  Stargate  
  83  19:09  Probe  
  85  19:10  Probe x2  
  86  19:21  Probe  
  86  19:22  Probe x2, Pylon  
  87  19:54  Probe x2  
  87  19:55  Probe  
  96  20:27  Probe x2  
  106  20:40  Nexus  
Tags
 
Add a new tag
Caveats
  • Supply blocks, unpowered buildings, or Contaminate may cause inaccurate times.
  • Supply counts are checked every 10 seconds.